 Dungeon Crawl Stone Soup version 0.18.1-50-g88ac8fd (webtiles) character file.

643007 varam the Ninja (level 27, -1/140 HPs)
             Began as a Spriggan Enchanter on Oct 19, 2016.
             Was an Initiate of Gozag.
             Killed from afar by a black draconian scorcher (33 damage)
             ... with damnation
             ... on level 1 of the Realm of Zot on Oct 20, 2016.
             The game lasted 07:25:18 (117923 turns).

varam the Ninja (Spriggan Enchanter)              Turns: 117923, Time: 07:25:18

Health: -1/140     AC:  7    Str:  3 (4)  XL:     27
Magic:  46/52      EV: 38    Int: 36      God:    Gozag
Gold:   2615       SH: 14    Dex: 22      Spells: 9 memorised, 10 levels left

rFire  + . .     SeeInvis +     x - +9 quick blade (elec)
rCold  . . .     Gourm    .     k - +0 robe "Piethiale" {Int+7}
rNeg   . . .     Faith    .     y - +3 buckler {rF+}
rPois  .         Spirit   .     o - +2 hat {Int+3}
rElec  .         Dismiss  .     i - +2 cloak {MR+}
rCorr  +         Reflect  +     (gloves unavailable)
SustAt .         Harm     .     (boots unavailable)
MR     +++++     Rnd*Tele +     H - +3 amulet of reflection
Stlth  +++++.....               E - ring of resist corrosion
                                Q - ring of the Townfolk {*Confuse MP+9 Int+2 Dex+6 Slay+3}

@: contaminated, glowing, drained, invisible (but backlit and visible), very
quick, almost entirely resistant to hostile enchantments, quite stealthy
A: unfitting armour, see invisible, clumsy 2, deterioration 2, dopey 1,
herbivore 3, speed 3, frail 1, screaming 1, slow metabolism 2, teleportitis 1,
no device heal 1, subdued magic 1, MP-powered wands
a: Potion Petition, Call Merchant, Bribe Branch, Renounce Religion
}: 3/15 runes: decaying, serpentine, silver


You were on level 1 of the Realm of Zot.
You worshipped Gozag.
Gozag was noncommittal.
You were hungry.

You visited 10 branches of the dungeon, and saw 54 of its levels.
You visited the Abyss 2 times.
You also visited: Labyrinth, Ice Cave and Volcano.

You collected 35026 gold pieces.
You spent 9395 gold pieces at shops.
You paid 23016 gold pieces to Gozag.

Inventory:

Hand Weapons
 w - a +6 dagger of electrocution
 x - a +9 quick blade of electrocution (weapon)
Armour
 i - a +2 cloak of magic resistance (worn)
 k - the +0 robe "Piethiale" (worn) {Int+7}
   (You bought it in a shop on level 11 of the Dungeon)

   It affects your intelligence (+7).
 o - a +2 hat of intelligence (worn)
 y - a +3 buckler of fire resistance (worn)
Jewellery
 j - an uncursed amulet of magic regeneration {unknown}
 r - an uncursed ring of magical power {unknown}
 E - a ring of resist corrosion (right hand)
 H - a +3 amulet of reflection (around neck)
 Q - the ring of the Townfolk (left hand) {*Confuse MP+9 Int+2 Dex+6 Slay+3}
   (You found it in a labyrinth)

   [ring of magical power]

   It affects your intelligence (+2).
   It affects your dexterity (+6).
   It affects your accuracy and damage with ranged weapons and melee attacks
   (+3).
   It affects your magic capacity (+9).
   It may confuse you when you take damage.
Wands
 n - a wand of flame (30/48)
 A - a wand of teleportation (6/9)
 G - a wand of iceblast (5/15)
 U - a wand of digging (12/24)
Scrolls
 a - 5 scrolls of fear
 d - 5 scrolls of blinking
 g - 11 scrolls of teleportation
 m - a scroll of brand weapon
 p - a scroll of enchant armour
 s - a scroll of identify
 z - a scroll of recharging
 D - 12 scrolls of remove curse
 F - a scroll of enchant weapon
 I - 8 scrolls of fog
 O - 4 scrolls of magic mapping
 S - 7 scrolls of amnesia
Potions
 c - 18 potions of brilliance
 e - 2 potions of resistance
 h - a potion of agility
 q - 11 potions of haste
 B - 3 potions of curing
Miscellaneous
 b - a plain deck of defence {the Tomb}
 f - a legendary deck of defence {drawn: 1}
 l - a phial of floods (inert)
 t - an ornate deck of wonders {Dowsing, drawn: 4}
 u - a plain deck of defence {the Potion}
 v - a plain deck of summoning {drawn: 3}
 M - a lamp of fire (inert)
 R - an ornate deck of defence {the Blade, drawn: 5}
 W - a plain deck of wonders {Wild Magic, drawn: 1}
 Y - a stone of tremors
 Z - an ornate deck of destruction {drawn: 4}
Comestibles
 L - 13 fruits


   Skills:
 - Level 20.1(19.6) Fighting
 - Level 10.2(9.9) Short Blades
 - Level 20.7(20.3) Dodging
 O Level 27(26.4) Stealth
 - Level 6.0(5.6) Shields
 - Level 15.1(14.7) Spellcasting
 - Level 16.6(16.2) Hexes
 - Level 16.3(15.9) Charms
 - Level 18.5(18.0) Translocations
 + Level 19.3(18.8) Air Magic
 - Level 8.1(7.8) Evocations


You had 10 spell levels left.
You knew the following spells:

 Your Spells              Type           Power        Failure   Level  Hunger
a - Controlled Blink      Tloc           N/A          8%          8    ######.
b - Dispersal             Tloc           #######...   1%          6    #......
c - Confuse               Hex            #######.     0%          3    None
d - Dazzling Spray        Conj/Hex       ######       1%          3    None
e - Invisibility          Hex            #######.     1%          6    #......
f - Silence               Hex/Air        #######...   0%          5    None
g - Deflect Missiles      Chrm/Air       #######...   1%          6    #......
i - Regeneration          Chrm/Necr      ######....   1%          3    None
z - Haste                 Chrm           #######.     1%          6    #......


Dungeon Overview and Level Annotations

Branches:
Dungeon (15/15)              Lair (8/8) D:11          Swamp (4/4) Lair:6
  Snake (4/4) Lair:6        Slime (6/6) Lair:6          Orc (2/2) D:10
    Elf (3/3) Orc:2        Vaults (5/5) D:14          Crypt (0/3) Vaults:2
 Depths (5/5) D:15            Zot (2/5) Depths:5
 Temple: D:4-7

Altars:
Cheibriados
Elyvilon
Fedhas
Gozag
Makhleb
Nemelex Xobeh
Qazlal
Ru
Sif Muna
Vehumet
Yredelemnul
The Shining One
Beogh
Jiyva

Shops:
D:4 [   D:7 =*:!*   D:11 *=:!}:(*=[(!   D:14 [   Orc:2 [(*:   Elf:2 :
Slime:1 }   Vaults:3 [   Vaults:5 !   Depths:2 }%(

Portals:
Hell: Depths:1 Depths:2 Depths:3 Depths:4
Abyss: Depths:1 Depths:4
Pandemonium: Depths:2 Depths:3
Ziggurat: Depths:3

Annotations:
D:3 Grinder, Sigmund
Lair:8 1 runed door
Snake:3 exclusion: Roxanne, Roxanne
Slime:6 Royal Jelly
Depths:5 Boris


Innate Abilities, Weirdness & Mutations

You are tiny and cannot use many weapons and most armour.
You have supernaturally acute eyesight.
You are a herbivore.
You cover ground extremely quickly.
You need consume almost no food.
You are very clumsy. (Dex -4)
Your body often deteriorates upon taking damage.
You are dopey. (Int -2)
You are frail (-10% HP).
You occasionally shout uncontrollably at your foes.
You are occasionally teleported next to monsters.
Potions and wands are less effective at restoring your health.
Your spells are a little easier to cast, but a little less powerful.
You expend magic power (3 MP) to strengthen your wands.


Message History

You close the door.
You start resting.
Magic restored.
You start resting.
A black draconian scorcher comes into view.
It is wielding a whip.
A black draconian scorcher is nearby!
Casting: Controlled Blink
Confirm with . or Enter, or press ? or * to list all spells.
Aiming: Invisibility
Press: ? - help, Shift-Dir - straight line, f - you You fade into invisibility!
You are contaminated with residual magic.
The black draconian scorcher roars!
Casting: Invisibility
Confirm with . or Enter, or press ? or * to list all spells.
Okay, then.
The black draconian scorcher casts a spell at you.
The damnation unfurls!
The damnation engulfs you!
You die...
Your body crumbles into a pile of gold.

...# #...........#.....#.....
...# #...........#.....#.....
...# #...........#.....##....
...# #...........#.....##....
...# #...d.......#.....##...)
...# #.....#######.........^)
...# #.....#....#...........)
...# #.....+....#......##....
...# #.....#@...#......######
...# #.....#....##......+....
...# #.....#....##.....##....
...# #.....#...q##.....##....
...#######.....#...........##....
...............#...........##....
..........######.................
..........#.........##.....##....
.........^#...##....##.....##....


You could see a black draconian scorcher.

Vanquished Creatures
  Mara (Snake:4)
  Saint Roka (Depths:3)
  3 caustic shrikes
  Norris (Vaults:1)
  Vashnia (Snake:2)
  the Lernaean hydra (Swamp:4)
  3 golden dragons
  A bone dragon (Depths:5)
  9 tentacled monstrosities
  A titan (Depths:3)
  10 liches
  Asterion (Depths:2)
  3 deep elf blademasters
  3 quicksilver dragons
  Frances (Swamp:2)
  An Executioner (Abyss:1)
  24 acid blobs
  2 deep elf master archers (Elf:3)
  A tentacled starspawn (Abyss:2)
  2 sphinxes
  A death cob (Zot:1)
  4 tengu reavers
  Gastronok (Lair:2)
  4 shadow dragons
  5 storm dragons
  Kirke (Lair:5)
  A storm dragon (shapeshifter) (Vaults:4)
  2 thorn hunters
  10 azure jellies
  A draconian monk (Zot:1)
  Wiglaf (Depths:2)
  11 frost giants
  Aizul (Snake:2)
  13 fire giants
  7 greater nagas (Snake:4)
  The ghost of appiemonkey the Warrior, an adept GrFi of Okawaru (Swamp:3)
  3 iron dragons
  2 draconian knights
  21 vault wardens
  8 deep elf sorcerers
  3 draconian shifters
  A cacodemon (Abyss:1)
  A ghoul (Vaults:4)
  3 orc warlords
  17 ironheart preservers
  4 deep elf elementalists (Elf:3)
  A war gargoyle (Vaults:5)
  A stone giant (shapeshifter) (Vaults:4)
  27 very ugly things
  A draconian caller (Zot:1)
  17 stone giants
  A spriggan defender (Depths:4)
  9 deep elf demonologists
  4 black draconians
  8 green draconians
  2 vampire knights
  3 salamander stormcallers
  A lorocyproca (Depths:1)
  2 mottled draconians
  2 purple draconians
  7 spark wasps
  7 deep elf annihilators
  3 red draconians
  4 white draconians
  The ghost of feelmyfire the Tortoise, a journeyman MiFi of Okawaru (Orc:2)
  2 yellow draconians (Zot:1)
  16 ettins
  An eidolon (Abyss:1)
  A crystal guardian (Vaults:4)
  15 deep elf death magi
  A merfolk impaler (Depths:4)
  2 merfolk javelineers
  7 death oozes
  39 vault guards
  13 yaktaur captains
  A minotaur (Lab)
  5 deep elf high priests
  14 fire dragons
  15 great orbs of eyes
  6 entropy weavers
  2 hydras (shapeshifter)
  23 hydras
  15 naga warriors
  An anaconda (shapeshifter) (Vaults:4)
  5 rakshasas
  3 spriggan air magi
  2 ghost crabs
  20 anacondas
  The ghost of whaleyboy the Cleaver, a novice MiBe of Trog (Volcano)
  8 deep troll shamans
  13 ice dragons
  4 death knights
  12 ogre magi
  11 centaur warriors
  15 death yaks
  10 alligators
  A hell hog (shapeshifter) (Vaults:4)
  6 deep troll earth magi
  3 orc high priests
  5 thrashing horrors
  4 tengu warriors
  8 hell knights
  14 shock serpents
  4 spriggan berserkers
  Urug (D:14)
  A sun demon (Abyss:1)
  4 wretched stars
  Sonja (D:14)
  19 naga sharpshooters
  31 deep elf knights
  A shadow wraith (Abyss:2)
  2 fire crabs
  3 skeletal warriors
  A spatial maelstrom (Abyss:2)
  8 salamander mystics
  3 iron trolls
  2 fire crabs (shapeshifter)
  5 unseen horrors
  5 giant orange brains
  10 swamp dragons
  26 deep trolls
  2 spriggan druids (Swamp:2)
  7 flayed ghosts
  5 naga ritualists
  3 shambling mangroves
  5 lindwurms
  2 deep trolls (shapeshifter)
  2 sea snakes (Snake:2)
  A giant orange brain (shapeshifter) (Vaults:4)
  7 phantasmal warriors
  6 hill giants
  17 deep elf archers
  Pikel (D:4)
  An anubis guard (shapeshifter) (Vaults:5)
  A harpy (Vaults:2)
  A cyclops (shapeshifter) (Abyss:1)
  A wolf spider zombie (D:13)
  69 deep elf magi
  3 wolf spiders
  A mana viper (shapeshifter) (Elf:1)
  18 ironbrand convokers
  2 wizards
  2 griffons
  18 mana vipers
  19 orc knights
  65 ugly things
  4 shining eyes
  8 necromancers
  3 hornets
  2 manticores
  2 shining eyes (shapeshifter)
  8 orc sorcerers
  5 cyclopes
  6 moths of wrath
  A faun (shapeshifter) (Vaults:4)
  6 elephants (Lair:8)
  2 frost giant skeletons
  2 octopodes (shapeshifter)
  23 salamanders
  2 worldbinders (Abyss:1)
  An elephant (shapeshifter) (Vaults:5)
  44 black mambas
  An orange demon (Abyss:1)
  11 guardian serpents
  4 eyes of devastation
  8 gargoyles
  14 vault sentinels
  28 naga magi
  An apocalypse crab (Abyss:2)
  16 spiny frogs
  6 torpor snails (Lair:8)
  5 smoke demons
  A rime drake (shapeshifter) (Depths:4)
  4 rime drakes
  7 kobold demonologists
  12 komodo dragons
  2 redback zombies
  10 freezing wraiths
  55 yaktaurs
  An ice devil (Abyss:2)
  2 tengu conjurers
  An efreet (Volcano)
  A hellwing (Abyss:1)
  2 ancient zymes (Abyss:2)
  A jumping spider (Vaults:3)
  A troll (shapeshifter) (Vaults:5)
  A queen bee (Depths:4)
  3 trolls
  2 polar bears
  A queen bee (shapeshifter) (Vaults:1)
  154 slime creatures
  Prince Ribbit (Lair:1)
  23 two-headed ogres
  3 raiju (Abyss:2)
  11 giant leeches
  2 snapping turtles (shapeshifter)
  An ice dragon zombie (Depths:1)
  6 boulder beetles
  11 blink frogs
  12 bog bodies
  A boulder beetle (shapeshifter) (Vaults:4)
  A stone giant simulacrum (Depths:3)
  A fire dragon zombie (D:15)
  A fire giant simulacrum (Abyss:1)
  7 air elementals
  10 starcursed masses
  A fire dragon skeleton (D:15)
  A frost giant simulacrum (Vaults:2)
  4 wraiths
  4 shadows
  7 flying skulls
  10 redbacks
  A tarantella (shapeshifter) (Depths:1)
  2 ynoxinuls
  3 vampires
  60 yaks
  16 large abominations
  12 water elementals
  A human (shapeshifter) (Vaults:4)
  5 basilisks
  A basilisk (shapeshifter) (Vaults:4)
  10 spriggans
  A yak (shapeshifter) (Vaults:3)
  A hog (Lair:5)
  18 golden eyes
  7 chaos spawn
  3 hungry ghosts
  2 neqoxecs
  A yaktaur simulacrum (Depths:1)
  34 vampire mosquitoes
  4 mottled dragons
  14 hippogriffs
  2 steam dragons
  9 wargs
  10 insubstantial wisps
  48 nagas
  21 swamp worms
  A soldier ant (D:14)
  A soldier ant (shapeshifter) (Depths:2)
  17 water moccasins
  2 giant eyeballs
  11 porcupines
  45 orc warriors
  A giant eyeball (shapeshifter) (Depths:3)
  19 small abominations
  14 swamp drakes
  Duvessa (D:6)
  16 wasps
  3 sky beasts
  7 eyes of draining
  A black bear (Lair:3)
  18 ice beasts
  A necrophage (D:6)
  9 boggarts
  34 ogres
  7 phantoms
  4 centaurs
  19 wolves
  15 crocodiles
  Blork the orc (D:4)
  5 elf zombies (Elf:1)
  An earth elemental (Abyss:2)
  12 big kobolds
  4 wyvern zombies
  13 giant frogs
  A yaktaur skeleton (D:15)
  Dowan (D:6)
  A water moccasin zombie (D:5)
  9 scorpions
  A water moccasin skeleton (D:9)
  42 killer bees
  14 wights
  2 howler monkeys (D:11)
  9 electric eels
  5 spriggan skeletons
  A wasp zombie (D:8)
  6 crimson imps
  43 jellies
  3 centaur zombies
  3 quasits
  3 giant frog zombies
  8 hounds
  8 centaur skeletons
  3 giant frog skeletons
  27 orc priests
  11 iguanas
  27 orc wizards
  8 worker ants
  20 sheep
  7 gnolls
  20 adders
  A howler monkey skeleton (D:8)
  75 river rats
  2 shadow imps
  5 white imps
  2 ufetubi (Abyss:1)
  2 oozes
  An adder zombie (D:6)
  An adder skeleton (D:9)
  20 worms
  8 giant geckos
  87 orcs
  7 ball pythons
  8 giant cockroaches
  8 goblins
  9 hobgoblins
  7 jackals
  4 quokkas
  6 bats
  A giant gecko skeleton (D:6)
  3 giant newts (D:2)
  57 kobolds
  9 rats
  A fire vortex (Volcano)
  A plant (D:4)
2776 creatures vanquished.

Vanquished Creatures (collateral kills)
  A titan (Vaults:5)
  5 shining eyes
  A griffon (shapeshifter) (Depths:1)
  A two-headed ogre (Vaults:2)
  An ogre (Vaults:2)
  2 jellies (Slime:3)
11 creatures vanquished.

Vanquished Creatures (others)
  A tentacled monstrosity (Depths:4)
  A fire giant (Vaults:4)
  A frost giant (Depths:4)
  An ironheart preserver (Vaults:5)
  A mottled draconian (Zot:1)
  A spark wasp (Depths:4)
  A green death (Abyss:1)
  A deep elf death mage (Elf:3)
  A centaur warrior (Depths:1)
  25 dancing weapons
  A deep elf knight (Vaults:5)
  A shadow wraith (Vaults:5)
  A large abomination (Abyss:1)
  A deep elf mage (Depths:4)
  An orc sorcerer (Depths:3)
  2 yaktaurs
  3 ogres
  A crocodile (Lair:6)
  A bat (shapeshifter) (Vaults:5)
  A bush (Lair:1)
  4 fungi
  A lurking horror (Abyss:2)
  11 plants
  8 starspawn tentacles
  62 starspawn tentacle segments (Abyss:1)
  A withered plant (D:15)
134 creatures vanquished.

Grand Total: 2921 creatures vanquished

Notes
Turn   | Place    | Note
--------------------------------------------------------------
     0 | D:1      | varam the Spriggan Enchanter began the quest for the Orb.
     0 | D:1      | Reached XP level 1. HP: 9/9 MP: 5/5
   523 | D:1      | Reached XP level 2. HP: 13/13 MP: 6/6
   534 | D:1      | Learned a level 2 spell: Ensorcelled Hibernation
   577 | D:1      | Reached skill level 5 in Stealth
  1673 | D:1      | Reached XP level 3. HP: 16/16 MP: 5/8
  1678 | D:1      | Learned a level 3 spell: Confuse
  2329 | D:2      | Reached skill level 6 in Stealth
  2806 | D:3      | Found an opulent altar of Gozag.
  2842 | D:3      | Became a worshipper of Gozag Ym Sagoz the Greedy
  2945 | D:3      | Noticed Grinder
  2970 | D:3      | Reached XP level 4. HP: 21/21 MP: 9/9
  3281 | D:3      | Noticed Sigmund
  3495 | D:4      | Noticed a big kobold
  3587 | D:4      | Reached XP level 5. HP: 19/24 MP: 1/10
  3680 | D:4      | Reached skill level 7 in Stealth
  3697 | D:4      | Gained mutation: You have very sharp teeth. [potion of mutation]
  3697 | D:4      | Gained mutation: Your spells are a little harder to cast, but a little more powerful. [potion of mutation]
  4122 | D:4      | Noticed Blork the orc
  4130 | D:4      | Killed Blork the orc
  4130 | D:4      | Reached skill level 5 in Short Blades
  4130 | D:4      | Reached XP level 6. HP: 28/28 MP: 6/11
  4131 | D:4      | Found Diqupuvi's Antique Armour Shop.
  4136 | D:4      | Reached skill level 8 in Stealth
  4202 | D:4      | Noticed a slave
  4202 | D:4      | Noticed a slave
  4203 | D:4      | Noticed a slave
  4208 | D:4      | Noticed Pikel
  4447 | D:5      | Entered Level 5 of the Dungeon
  4914 | D:5      | Found a deep blue altar of Sif Muna.
  4920 | D:5      | Found a glowing golden altar of the Shining One.
  4971 | D:5      | Noticed an unseen horror
  4976 | D:5      | Killed an unseen horror
  4976 | D:5      | Reached skill level 5 in Spellcasting
  4976 | D:5      | Reached XP level 7. HP: 32/32 MP: 10/15
  4976 | D:5      | Reached XP level 8. HP: 36/36 MP: 10/16
  5440 | D:4      | Found a snail-covered altar of Cheibriados.
  5443 | D:4      | Killed Pikel
  5443 | D:4      | Reached skill level 5 in Dodging
  5834 | D:6      | Reached XP level 9. HP: 41/44 MP: 12/17
  5898 | D:6      | Noticed Duvessa
  5902 | D:6      | Noticed Dowan
  5926 | D:6      | Killed Duvessa
  5934 | D:6      | Killed Dowan
  6321 | D:7      | Reached skill level 9 in Stealth
  6643 | D:7      | Found Himousse's Jewellery Emporium.
  6714 | D:7      | Found Guinke's General Store.
  7024 | D:7      | Reached skill level 10 in Stealth
  7047 | D:7      | Found Mus Kuith's Distillery.
  7104 | D:7      | Bought a potion of curing for 42 gold pieces
  7474 | D:7      | Found Minteor's Assorted Antiques.
  7480 | D:7      | Bought a dented bronze amulet for 145 gold pieces
  7700 | D:7      | Reached skill level 11 in Stealth
  7852 | D:7      | Found Timade's Book Shop.
  8129 | D:8      | Reached XP level 10. HP: 49/49 MP: 10/18
  8410 | D:7      | Bought a scroll of remove curse for 42 gold pieces
  8436 | D:8      | Found a blossoming altar of Fedhas.
  8475 | D:8      | Reached skill level 12 in Stealth
  8895 | D:9      | Found a radiant altar of Vehumet.
  9334 | D:9      | Reached skill level 13 in Stealth
  9443 | D:9      | Found a white marble altar of Elyvilon.
  9543 | D:9      | Found a stormy altar of Qazlal.
  9890 | D:9      | Found a basalt altar of Yredelemnul.
 10103 | D:10     | Entered Level 10 of the Dungeon
 10116 | D:10     | Found a staircase to the Orcish Mines.
 10138 | D:10     | Noticed a hill giant
 10375 | D:10     | Killed a hill giant
 10375 | D:10     | Reached skill level 5 in Fighting
 10642 | D:10     | Noticed a hill giant
 10665 | D:10     | Killed a hill giant
 10665 | D:10     | Reached XP level 11. HP: 47/56 MP: 8/21
 10907 | D:11     | Noticed a hill giant
 10923 | D:10     | Killed a hill giant
 11488 | D:11     | Reached skill level 10 in Hexes
 11625 | D:11     | Found a staircase to the Lair.
 11999 | D:11     | Reached skill level 10 in Short Blades
 12005 | D:11     | Noticed a centaur warrior
 12007 | D:11     | Killed a centaur warrior
 12307 | D:12     | Noticed a red ugly thing
 12327 | D:12     | Killed a red ugly thing
 12517 | D:12     | Reached skill level 10 in Dodging
 12558 | D:12     | Noticed an unseen horror
 12565 | D:12     | Killed an unseen horror
 12608 | D:12     | Reached skill level 14 in Stealth
 12649 | D:12     | Noticed a hill giant
 12716 | D:12     | Killed a hill giant
 13072 | D:12     | Reached XP level 12. HP: 59/61 MP: 15/22
 13454 | D:13     | Noticed a death knight
 13456 | D:13     | Killed a death knight
 13610 | D:13     | Noticed a centaur warrior
 13628 | D:13     | Killed a centaur warrior
 13628 | D:13     | Reached skill level 15 in Stealth
 13763 | D:13     | Noticed a centaur warrior
 13768 | D:13     | Killed a centaur warrior
 14196 | D:13     | Reached skill level 15 in Dodging
 14605 | D:14     | Noticed a centaur warrior
 14829 | D:15     | Entered Level 15 of the Dungeon
 14897 | D:15     | Noticed a centaur warrior
 15075 | D:15     | Found a labyrinth entrance.
 15083 | Lab      | Entered a labyrinth
 15314 | Lab      | Reached skill level 16 in Stealth
 15571 | Lab      | Reached XP level 13. HP: 67/67 MP: 23/23
 15822 | Lab      | Noticed a minotaur
 15826 | Lab      | Killed a minotaur
 15829 | Lab      | Got a vibrating bronze ring
 16276 | D:14     | Noticed a vault guard
 16319 | D:14     | Noticed a vault guard
 16326 | D:14     | Killed a vault guard
 16326 | D:14     | Killed a vault guard
 16326 | D:14     | Reached skill level 17 in Stealth
 16562 | D:11     | Identified the ring of the Townfolk {*Confuse MP+9 Int+2 Dex+6 Slay+3} (You found it in a labyrinth)
 16636 | Lair:1   | Entered Level 1 of the Lair of Beasts
 16654 | Lair:1   | Noticed Prince Ribbit
 16691 | Lair:1   | Killed Prince Ribbit
 18050 | D:11     | Learned a level 3 spell: Dazzling Spray
 18119 | Lair:2   | Noticed Gastronok
 18279 | Lair:2   | Killed Gastronok
 18377 | Lair:2   | Reached skill level 18 in Stealth
 18975 | Lair:3   | Found a frozen archway.
 18986 | IceCv    | Entered an ice cave
 20657 | Lair:4   | Reached skill level 19 in Stealth
 21414 | D:11     | Identified a -1 rod of clouds (9/9) (You found it on level 4 of the Lair of Beasts)
 21652 | Lair:5   | Reached XP level 14. HP: 72/76 MP: 24/24
 21685 | Lair:4   | Reached skill level 10 in Fighting
 22641 | Lair:5   | Got a pitted long sword
 22642 | Lair:5   | Identified the +7 long sword of Temperance {drain, rF- Int+3 SInv} (You found it on level 5 of the Lair of Beasts)
 22859 | Lair:5   | Noticed Kirke
 23364 | Lair:5   | Killed Kirke
 23364 | Lair:5   | Reached skill level 20 in Stealth
 23546 | Lair:5   | Got a slimy platinum ring
 23694 | Lair:6   | Found a staircase to the Slime Pits.
 23978 | Lair:6   | Found a staircase to the Snake Pit.
 24130 | Lair:6   | Reached skill level 21 in Stealth
 25070 | Lair:6   | Found a staircase to the Swamp.
 25563 | Lair:7   | Reached skill level 22 in Stealth
 25601 | Lair:7   | Found a dark tunnel.
 25611 | Volcano  | Entered a volcano
 25651 | Volcano  | Identified the ring "Hukkiull" {+Blink rC- MP+9 EV+1 Str+5} (You found it on level 5 of the Lair of Beasts)
 25714 | Volcano  | Noticed whaleyboy's ghost (novice MiBe)
 25766 | Volcano  | Killed whaleyboy's ghost
 26434 | Lair:8   | Entered Level 8 of the Lair of Beasts
 26456 | Lair:8   | Found a runed door.
 26478 | Lair:8   | Reached skill level 23 in Stealth
 26756 | Lair:8   | Reached XP level 15. HP: 81/81 MP: 25/25
 27470 | Lair:8   | Reached skill level 1 in Shields
 27858 | Lair:8   | Reached skill level 24 in Stealth
 28337 | Orc:1    | Entered Level 1 of the Orcish Mines
 28823 | Orc:1    | Found a roughly hewn altar of Beogh.
 28865 | Orc:2    | Entered Level 2 of the Orcish Mines
 28878 | Orc:2    | Found a roughly hewn altar of Beogh.
 29081 | Orc:2    | Noticed feelmyfire's ghost (journeyman MiFi)
 29093 | Orc:2    | Killed feelmyfire's ghost
 29272 | Orc:2    | Found a staircase to the Elven Halls.
 29730 | Orc:2    | Noticed an orc warlord
 30191 | Orc:2    | Found Jur Onolo's Antique Weapon Shop.
 30254 | Orc:2    | Killed an orc warlord
 30263 | Orc:2    | Found Taemokke's Book Shop.
 30273 | Orc:2    | Bought a book of Burglary for 1200 gold pieces
 30280 | Orc:2    | Learned a level 6 spell: Invisibility
 30291 | Orc:2    | Found Koont's General Store.
 30900 | Orc:2    | Found Ropt's Antique Armour Shop.
 31140 | D:14     | Noticed Urug
 31184 | D:14     | Killed Urug
 31187 | D:14     | Noticed Sonja
 31198 | D:14     | Killed Sonja
 31599 | D:14     | Found a gate to the Vaults.
 31647 | D:14     | Found Zymmouce's Antique Armour Boutique.
 31655 | D:14     | Bought an ancient robe for 193 gold pieces
 31665 | D:14     | Identified the +2 robe of the Hidden Songs {Str+3} (You bought it in a shop on level 14 of the Dungeon)
 31665 | D:14     | Bought an embroidered cloak for 153 gold pieces
 31676 | D:14     | Bought the +4 moon troll leather armour {Spirit, Regen++ MP+5} for 1496 gold pieces
 31909 | D:15     | Found a staircase to the Depths.
 32003 | D:15     | Reached skill level 25 in Stealth
 33123 | Swamp:1  | Entered Level 1 of the Swamp
 33146 | Swamp:1  | Reached XP level 16. HP: 86/86 MP: 29/29
 33263 | Swamp:1  | Found a sacrificial altar of Ru.
 34131 | Swamp:2  | Noticed Frances
 34156 | Swamp:2  | Killed Frances
 34745 | Swamp:3  | Noticed appiemonkey's ghost (adept GrFi)
 35877 | Swamp:3  | Killed appiemonkey's ghost
 36119 | Swamp:3  | Reached skill level 26 in Stealth
 36682 | Swamp:3  | Identified a scroll of acquirement
 37064 | Swamp:3  | Noticed a thorn hunter
 37074 | Swamp:3  | Killed a thorn hunter
 37301 | Swamp:4  | Entered Level 4 of the Swamp
 37525 | Swamp:4  | Noticed a thorn hunter
 37542 | Swamp:4  | Killed a thorn hunter
 38321 | Swamp:4  | Reached XP level 17. HP: 83/90 MP: 13/30
 38538 | Swamp:4  | Reached skill level 27 in Stealth
 38841 | Swamp:4  | Noticed the 27-headed Lernaean hydra
 38855 | Swamp:4  | Killed the 27-headed Lernaean hydra
 38855 | Swamp:4  | Reached skill level 15 in Hexes
 38947 | Swamp:4  | Got a decaying rune of Zot
 39277 | Snake:1  | Entered Level 1 of the Snake Pit
 39472 | Lair:6   | Learned a level 2 spell: Swiftness
 39510 | Snake:1  | Reached skill level 1 in Charms
 39739 | Snake:1  | Reached skill level 1 in Air Magic
 40744 | Snake:2  | Noticed Aizul
 40770 | Snake:2  | Killed Aizul
 40868 | Snake:3  | Found a burning altar of Makhleb.
 41144 | Snake:2  | Reached skill level 5 in Charms
 41200 | Snake:2  | Noticed Vashnia
 41334 | Snake:2  | Killed Vashnia
 41499 | Snake:2  | Reached skill level 5 in Air Magic
 42430 | Snake:3  | Reached XP level 18. HP: 98/98 MP: 31/31
 43680 | Snake:3  | Noticed Roxanne
 44395 | Snake:4  | Entered Level 4 of the Snake Pit
 44994 | Snake:4  | Noticed Mara
 45027 | Snake:4  | Noticed varam's illusion
 45213 | Snake:4  | Noticed varam's illusion
 45513 | Snake:4  | Noticed varam's illusion
 45728 | Snake:4  | Killed Mara
 46636 | Snake:4  | Reached skill level 5 in Shields
 47473 | Snake:4  | Reached XP level 19. HP: 103/103 MP: 10/32
 47822 | Snake:4  | Got a serpentine rune of Zot
 48774 | D:11     | Learned a level 5 spell: Silence
 48781 | D:11     | Learned a level 6 spell: Deflect Missiles
 48822 | D:11     | Bought the ring "Muliebbo" {rC+ rN+ Int+3 Dex+4 SInv} for 697 gold pieces
 48949 | Vaults:1 | Entered Level 1 of the Vaults
 49012 | Vaults:1 | Reached skill level 10 in Charms
 49717 | Vaults:1 | Noticed Norris
 50229 | Vaults:2 | Found a deep blue altar of Sif Muna.
 50230 | Vaults:2 | Gained mutation: You are dopey. (Int -2) [mutagenic glow]
 50308 | Vaults:2 | Gained mutation: Your body sometimes deteriorates upon taking damage. [mutagenic glow]
 50759 | Vaults:2 | Reached skill level 10 in Air Magic
 50923 | Vaults:2 | Found a staircase to the Crypt.
 52154 | Vaults:1 | Killed Norris
 52862 | D:11     | Lost mutation: Your body sometimes deteriorates upon taking damage. [potion of cure mutation]
 52862 | D:11     | Lost mutation: Your spells are a little harder to cast, but a little more powerful. [potion of cure mutation]
 52862 | D:11     | Lost mutation: You are dopey. (Int -2) [potion of cure mutation]
 52862 | D:11     | Lost mutation: You have very sharp teeth. [potion of cure mutation]
 52869 | D:11     | Bought a potion of curing for 51 gold pieces
 52869 | D:11     | Bought a potion of heal wounds for 85 gold pieces
 52869 | D:11     | Bought 2 potions of curing for 102 gold pieces
 52873 | D:11     | Bought a runed buckler for 153 gold pieces
 52885 | D:11     | Bought a glowing rapier for 152 gold pieces
 53058 | Depths:1 | Entered Level 1 of the Depths
 53484 | Depths:1 | Found a gateway to Hell.
 54798 | Vaults:2 | Gained mutation: You expend magic power (3 MP) to strengthen your wands. [a shining eye]
 54825 | Vaults:2 | Reached XP level 20. HP: 109/109 MP: 30/33
 55378 | Vaults:3 | Found Nonarhil's Antique Armour Boutique.
 58656 | Vaults:4 | Reached XP level 21. HP: 116/116 MP: 34/34
 59348 | D:11     | Learned a level 4 spell: Passage of Golubria
 59397 | D:11     | Bought a runed dagger for 76 gold pieces
 59512 | Elf:1    | Entered Level 1 of the Elven Halls
 59526 | Elf:1    | Reached skill level 1 in Evocations
 59549 | Elf:1    | Reached skill level 1 in Translocations
 59940 | Elf:1    | Identified the Incunabulum of Dark Arts
 60956 | Elf:2    | Reached skill level 15 in Fighting
 61283 | Elf:2    | Found Puoc's Book Emporium.
 61286 | Elf:2    | Bought a book of Enchantments for 900 gold pieces
 61293 | Elf:2    | Learned a level 6 spell: Haste
 61556 | Elf:2    | Reached skill level 5 in Evocations
 61563 | Elf:2    | Reached skill level 5 in Translocations
 61792 | Elf:1    | Gained mutation: You are frail (-10% HP). [mutagenic glow]
 61836 | Elf:1    | Gained mutation: You are very frail (-20% HP). [mutagenic glow]
 62370 | D:11     | Lost mutation: You are very frail (-20% HP). [potion of cure mutation]
 62370 | D:11     | Lost mutation: You expend magic power (3 MP) to strengthen your wands. [potion of cure mutation]
 62370 | D:11     | Lost mutation: You are frail (-10% HP). [potion of cure mutation]
 62736 | Elf:2    | Found a huge runed gate.
 62736 | Elf:2    | Found a huge runed gate.
 62737 | Elf:2    | Found a huge runed gate.
 62738 | Elf:2    | Found a huge runed gate.
 62743 | Elf:2    | Found a huge runed gate.
 64059 | Elf:2    | Gained mutation: You regenerate slowly when monsters are visible. [mutagenic glow]
 64404 | Elf:3    | Entered Level 3 of the Elven Halls
 64900 | Elf:3    | Reached skill level 15 in Charms
 66287 | Elf:3    | Got a shimmering marble ring
 66709 | Elf:3    | Reached XP level 22. HP: 111/121 MP: 29/35
 66778 | Elf:3    | Gained mutation: You possess an exceptional clarity of mind. [mutagenic glow]
 66894 | Elf:3    | Got a brightly glowing golden ring
 66896 | Elf:3    | Got a fine ivory ring
 66896 | Elf:3    | Got a clouded pewter ring
 66982 | Elf:3    | Gained mutation: You tend to lose your temper in combat. [mutagenic glow]
 66996 | Elf:3    | Identified the Handbook of the Noxious Mountains
 67288 | Elf:3    | Identified the ring of Niwyi {AC+3 Dex+4} (You took it off a deep elf demonologist on level 3 of the Elven Halls)
 67290 | Elf:3    | Lost strength.
 67290 | Elf:3    | Identified the ring "Ucru" {rElec Str-4 Int+3 SInv} (You took it off a deep elf sorcerer on level 3 of the Elven Halls)
 67295 | Elf:3    | Identified the ring "Kefoitod" {*Tele +Inv rElec rF- MR+++} (You took it off a deep elf elementalist on level 3 of the Elven Halls)
 67297 | Elf:3    | Identified the ring of Jiriax {Fire -Tele rPois Int-5 Slay+5} (You took it off a deep elf sorcerer on level 3 of the Elven Halls)
 67831 | D:11     | Bought an ominously black robe for 153 gold pieces
 67841 | D:11     | Identified the +0 robe "Piethiale" {Int+7} (You bought it in a shop on level 11 of the Dungeon)
 67855 | D:11     | Bought a dented ivory amulet for 125 gold pieces
 68481 | Depths:1 | HP: 5/123 [tentacled monstrosity (6)]
 69531 | Depths:1 | Found a one-way gate to the infinite horrors of the Abyss.
 69638 | Depths:1 | Noticed a shard shrike
 69638 | Depths:1 | a titan changed into a shard shrike
 70110 | D:11     | Bought the ring of Budoleg {rF+ rN++} for 637 gold pieces
 70118 | D:11     | Lost mutation: You possess an exceptional clarity of mind. [potion of cure mutation]
 70118 | D:11     | Lost mutation: You tend to lose your temper in combat. [potion of cure mutation]
 70118 | D:11     | Lost mutation: You regenerate slowly when monsters are visible. [potion of cure mutation]
 70126 | D:11     | Bought a potion of heal wounds for 95 gold pieces
 70282 | Slime:1  | Entered Level 1 of the Pits of Slime
 70328 | Slime:1  | Gained mutation: You are occasionally teleported next to monsters. [a shining eye]
 70337 | Slime:1  | Gained mutation: Armour fits poorly on your strangely shaped body. [a shining eye]
 70339 | Slime:1  | Reached skill level 10 in Spellcasting
 70349 | Slime:1  | Gained mutation: You are frail (-10% HP). [a shining eye]
 71165 | Vaults:5 | Entered Level 5 of the Vaults
 72266 | D:11     | Bought a potion of cure mutation for 425 gold pieces
 72266 | D:11     | Bought a potion of cure mutation for 425 gold pieces
 72266 | D:11     | Lost mutation: Armour fits poorly on your strangely shaped body. [potion of cure mutation]
 72266 | D:11     | Lost mutation: You are frail (-10% HP). [potion of cure mutation]
 72266 | D:11     | Lost mutation: You are occasionally teleported next to monsters. [potion of cure mutation]
 72929 | Vaults:5 | Noticed an ancient lich
 73251 | Vaults:5 | Noticed a golden dragon
 73486 | Vaults:5 | Got a twisted robe
 73517 | Vaults:5 | Identified the +1 robe of Good Intentions {*Drain MR++ Dex+2} (You found it on level 5 of the Vaults)
 74238 | Vaults:4 | Reached XP level 23. HP: 104/130 MP: 20/40
 77307 | Vaults:5 | Found Ranaroc's Distillery.
 77358 | Vaults:5 | Bought a potion of heal wounds for 100 gold pieces
 77358 | Vaults:5 | Bought a potion of heal wounds for 100 gold pieces
 77358 | Vaults:5 | Bought a potion of experience for 1000 gold pieces
 77358 | Vaults:5 | Reached XP level 24. HP: 137/137 MP: 40/40
 77408 | Vaults:5 | Noticed an ancient lich
 77707 | Vaults:4 | Got a jewelled swamp dragon armour
 77718 | Vaults:4 | Identified the +5 swamp dragon armour of Gehenna {rPois Slay+4 SInv} (You took it off a death knight on level 4 of the Vaults)
 78974 | Vaults:5 | Got a scintillating glass ring
 79070 | Vaults:5 | Identified the ring "Ipnac" {rN+ Str+4} (You took it off an ironheart preserver on level 5 of the Vaults)
 79082 | Vaults:5 | Learned a level 3 spell: Regeneration
 79321 | Vaults:4 | Gained mutation: Your body sometimes deteriorates upon taking damage. [mutagenic glow]
 80171 | Vaults:4 | Noticed an ancient lich
 80538 | Vaults:4 | Got a polished short sword {speed}
 80546 | Vaults:4 | Identified the +4 short sword of Untruth {speed, rF- Str+3 SInv} (You took it off a yaktaur on level 4 of the Vaults)
 80946 | Vaults:5 | Got a silver rune of Zot
 81510 | Depths:1 | a shard shrike changed into an iron giant
 81644 | Depths:2 | Noticed Wiglaf
 81672 | Depths:2 | Killed Wiglaf
 81806 | Depths:1 | Voluntarily entered the Abyss.
 81806 | Abyss:1  | Found a corrupted altar of Lugonu.
 83964 | Abyss:2  | Found a corrupted altar of Lugonu.
 84180 | Abyss:2  | Gained mutation: You occasionally shout uncontrollably at your foes. [a neqoxec]
 84184 | Abyss:2  | Gained mutation: Potions and wands are less effective at restoring your health. [a neqoxec]
 84185 | Abyss:2  | Gained mutation: Your spells are a little easier to cast, but a little less powerful. [a neqoxec]
 84385 | Depths:1 | Escaped the Abyss
 84400 | Depths:1 | Gained mutation: You are clumsy. (Dex -2) [mutagenic glow]
 84436 | Depths:1 | Lost mutation: You occasionally shout uncontrollably at your foes. [potion of cure mutation]
 84436 | Depths:1 | Lost mutation: Your spells are a little easier to cast, but a little less powerful. [potion of cure mutation]
 84436 | Depths:1 | Lost mutation: You are clumsy. (Dex -2) [potion of cure mutation]
 84436 | Depths:1 | Lost mutation: Your body sometimes deteriorates upon taking damage. [potion of cure mutation]
 84436 | Depths:1 | Lost mutation: Potions and wands are less effective at restoring your health. [potion of cure mutation]
 84986 | D:11     | Learned a level 2 spell: Repel Missiles
 85036 | D:11     | Learned a level 6 spell: Dispersal
 85863 | Depths:1 | Reached skill level 10 in Translocations
 86375 | Depths:2 | Found a sparkling altar of Nemelex Xobeh.
 86655 | Depths:2 | Reached XP level 25. HP: 71/144 MP: 32/40
 88064 | Depths:2 | Noticed Asterion
 88260 | Depths:1 | Reached skill level 15 in Translocations
 88781 | Depths:2 | Killed Asterion
 88831 | Depths:2 | Found Huadas's Quality Used Wands.
 89068 | Depths:2 | Found a one-way gate leading to the halls of Pandemonium.
 89180 | Depths:3 | Noticed Saint Roka
 89197 | Depths:3 | Killed Saint Roka
 89603 | Depths:3 | Found a gateway to a ziggurat.
 90556 | Depths:3 | Reached skill level 15 in Air Magic
 91288 | Depths:1 | Voluntarily entered the Abyss.
 91433 | Abyss:1  | Found a corrupted altar of Lugonu.
 91551 | Abyss:1  | Found a corrupted altar of Lugonu.
 92021 | Abyss:1  | Paralysed by accursed screaming for 1 turns
 92028 | Abyss:1  | Gained mutation: Your spells are a little easier to cast, but a little less powerful. [mutagenic glow]
 92044 | Abyss:1  | Found a corrupted altar of Lugonu.
 92075 | Abyss:1  | Found a corrupted altar of Lugonu.
 92110 | Abyss:1  | Found a corrupted altar of Lugonu.
 92674 | Abyss:1  | Gained mutation: Your body sometimes deteriorates upon taking damage. [a cacodemon]
 92763 | Abyss:2  | Found a corrupted altar of Lugonu.
 92895 | Depths:1 | Escaped the Abyss
 93610 | Depths:2 | Bought a steaming dagger for 259 gold pieces
 93610 | Depths:2 | Identified the +10 dagger of Drought {pierce, +Blink} (You bought it in a shop on level 2 of the Depths)
 93614 | Depths:2 | Bought a bread ration for 50 gold pieces
 93614 | Depths:2 | Bought 2 fruits for 30 gold pieces
 93614 | Depths:2 | Bought a bread ration for 50 gold pieces
 93614 | Depths:2 | Bought a bread ration for 50 gold pieces
 93614 | Depths:2 | Bought 3 fruits for 45 gold pieces
 94796 | Depths:4 | Reached XP level 26. HP: 149/149 MP: 42/42
 95295 | Depths:4 | Found a runed door.
 95381 | Depths:4 | Drew Focus: Int increased to 25, Str decreased to 4
 96228 | D:11     | Learned a level 8 spell: Controlled Blink
 96266 | D:11     | Learned a level 8 spell: Discord
 96500 | Depths:5 | Entered Level 5 of the Depths
 96518 | Depths:4 | Reached skill level 15 in Spellcasting
 96785 | Depths:4 | Noticed a juggernaut
 97278 | Depths:4 | Got a fine iron amulet
 97286 | Depths:4 | Identified the amulet "Qacoj" {Inacc *Corrode rF++ rC+} (You found it on level 4 of the Depths)
 97290 | Depths:4 | Got a faintly humming troll leather armour
 97301 | Depths:4 | Identified the cursed +1 troll leather armour of Dim Light {Regen+ Dex+3} (You found it on level 4 of the Depths)
 98444 | Depths:5 | Found a gate to the Realm of Zot.
 98480 | Depths:5 | Gained mutation: Potions and wands are less effective at restoring your health. [helix card]
 98926 | Depths:5 | Noticed Boris
103015 | Slime:1  | Bought a legendary deck of defence for 364 gold pieces
103653 | Slime:3  | Gained mutation: You are frail (-10% HP). [a shining eye]
105985 | Slime:4  | Gained mutation: Your body often deteriorates upon taking damage. [mutagenic glow]
107361 | Slime:3  | Reached XP level 27. HP: 111/138 MP: 43/43
108033 | Slime:4  | Gained mutation: You expend magic power (3 MP) to strengthen your wands. [mutagenic glow]
109634 | Slime:4  | Gained mutation: You occasionally shout uncontrollably at your foes. [mutagenic glow]
110071 | Slime:6  | Entered Level 6 of the Pits of Slime
110795 | Slime:6  | Found a viscous altar of Jiyva.
110797 | Slime:6  | Noticed the Royal Jelly
111836 | Slime:5  | Gained mutation: You are clumsy. (Dex -2) [mutagenic glow]
113730 | Zot:1    | Entered Level 1 of the Realm of Zot
115934 | Zot:2    | Gained mutation: You are dopey. (Int -2) [mutagenic glow]
116939 | Zot:1    | Gained mutation: You are very clumsy. (Dex -4) [mutagenic glow]
117829 | Zot:1    | Noticed an orb of fire
117868 | Zot:1    | Gained mutation: You are occasionally teleported next to monsters. [mutagenic glow]
117923 | Zot:1    | Killed from afar by a black draconian scorcher

Skill      XL: |  1  2  3  4  5  6  7  8  9 10 11 12 13 14 15 16 17 18 19 20 21 22 23 24 25 26 27 |
---------------+----------------------------------------------------------------------------------+-----
Stealth        | 5 6 7 8 11 13 14 16 19 23 25 26 27 | 27.0
Short Blades   | 2 3 4 5 7 9 10 | 10.2
Hexes          | 7 9 10 11 14 15 16 | 16.6
Spellcasting   | 5 6 8 12 14 15 | 15.1
Fighting       | 3 6 7 9 10 11 12 13 14 15 16 17 18 19 20 | 20.1
Dodging        | 6 8 11 15 16 20 | 20.7
Shields        | 4 5 6 |  6.0
Charms         | 7 9 13 15 16 | 16.3
Air Magic      | 6 8 12 13 14 16 18 19 | 19.3
Evocations     | 5 8 |  8.1
Translocations | 5 8 11 16 18 | 18.5

Action                   |  1- 3 |  4- 6 |  7- 9 | 10-12 | 13-15 | 16-18 | 19-21 | 22-24 | 25-27 || total
-------------------------+-------+-------+-------+-------+-------+-------+-------+-------+-------++-------
Melee: Dagger            |    70 |       |       |   537 |  1369 |  1267 |  1557 |  2215 |  1251 ||  8266
       Short sword       |    54 |   128 |   229 |   171 |       |       |       |     6 |       ||   588
       Bite              |       |       |    18 |    56 |   152 |   135 |    48 |       |       ||   409
       Rapier            |       |       |    17 |       |       |       |       |       |       ||    17
       Quick blade       |       |       |       |       |       |       |       |       |  1502 ||  1502
Throw: Stone             |       |     2 |       |     8 |    16 |    25 |     1 |       |       ||    52
 Cast: Corona            |     5 |       |       |       |       |       |       |       |       ||     5
       Ensorcelled Hiber |    29 |    13 |    13 |    30 |   123 |    98 |    17 |     2 |     4 ||   329
       Confuse           |       |     9 |    42 |   130 |   178 |   289 |   259 |   296 |   191 ||  1394
       Dazzling Spray    |       |       |       |       |    78 |   153 |    95 |   159 |    63 ||   548
       Invisibility      |       |       |       |       |       |     1 |    35 |     7 |    43 ||    86
       Silence           |       |       |       |       |       |       |     7 |     7 |     6 ||    20
       Deflect Missiles  |       |       |       |       |       |       |     2 |     4 |     2 ||     8
       Haste             |       |       |       |       |       |       |     3 |    30 |    49 ||    82
       Regeneration      |       |       |       |       |       |       |       |     1 |     9 ||    10
       Dispersal         |       |       |       |       |       |       |       |       |     6 ||     6
       Controlled Blink  |       |       |       |       |       |       |       |       |     7 ||     7
       Discord           |       |       |       |       |       |       |       |       |     1 ||     1
Invok: Call Merchant     |       |       |       |       |       |       |     8 |     4 |     3 ||    15
       Potion Petition   |       |       |       |       |       |       |       |     1 |     1 ||     2
Evoke: Wand              |       |       |       |       |       |     9 |       |     1 |     6 ||    16
       Phial of floods   |       |       |       |       |       |     1 |     3 |     5 |     6 ||    15
       Stone of tremors  |       |       |       |       |       |     1 |       |     1 |     1 ||     3
       Deck              |       |       |       |       |       |       |     2 |    10 |    12 ||    24
       Lamp of fire      |       |       |       |       |       |       |       |       |     3 ||     3
  Use: Potion            |       |     5 |     1 |       |     2 |     3 |     6 |    14 |    10 ||    41
       Scroll            |       |       |     8 |     5 |    21 |     7 |     6 |    14 |    28 ||    89
 Stab: Sleeping          |    28 |    22 |    20 |    69 |   231 |   107 |   155 |    12 |   106 ||   750
       Confused          |       |     5 |    22 |    69 |   111 |   149 |   133 |   151 |   112 ||   752
       Distracted        |       |     1 |       |     8 |    21 |    18 |    20 |    31 |    46 ||   145
       Invisible         |       |       |       |       |    37 |    61 |   153 |    41 |   191 ||   483
  Eat: Bread ration      |     1 |       |     1 |     1 |     3 |     2 |     6 |     5 |     9 ||    28
       Pizza             |       |       |       |     2 |     1 |     2 |       |       |     1 ||     6
       Royal jelly       |       |       |       |     1 |     1 |       |     2 |     1 |     4 ||     9
       Fruit             |       |       |       |       |       |       |     3 |    13 |     7 ||    23
Armor: Robe              |    12 |     7 |     9 |    16 |    12 |       |       |     5 |    26 ||    87
       Skin              |       |     5 |       |       |       |       |       |       |       ||     5
       Troll leather arm |       |       |       |       |     3 |    47 |    32 |    35 |       ||   117
       Swamp dragon armo |       |       |       |       |       |       |       |    49 |    33 ||    82
Dodge: Dodged            |    89 |    53 |   162 |   380 |   694 |   740 |   674 |  1361 |  1023 ||  5176
       Deflected         |       |       |       |       |       |       |     8 |    42 |    25 ||    75
Block: Buckler           |       |       |       |       |   123 |   404 |   370 |   650 |   577 ||  2124
       Reflection        |       |       |       |       |       |       |    20 |    51 |    25 ||    96
